 Dungeon Crawl Stone Soup version 0.21.0-37-g46506fa (webtiles) character file.

33 MrLeft the Sneak (level 3, -7/27 HPs)
             Began as a Vampire Assassin on Jan 31, 2018.
             Mangled by Terence
             ... wielding a +0 mace
              (10 damage)
             ... on level 2 of the Dungeon.
             The game lasted 00:12:58 (862 turns).

MrLeft the Sneak (Vampire Assassin)                  Turns: 862, Time: 00:12:58

Health: -7/27      AC:  3    Str: 10    XL:     3   Next: 12%
Magic:  3/3        EV: 12    Int: 13    God:
Gold:   62         SH:  0    Dex: 16    Spells: 2/2 levels left

rFire    + . .     SeeInvis +   n - -1 whip (curse)
rCold    . . .     Gourm    .   (no shield)
rNeg     + . .     Faith    .   j - +0 robe (curse)
rPois    .         Spirit   .   (no helmet)
rElec    .         Reflect  .   d - +0 cloak
rCorr    .         Harm     .   (no gloves)
MR       .....                  (no boots)
Stlth    ++++......             (no amulet)
HPRegen  0.09/turn              o - ring of protection from fire
MPRegen  0.08/turn              (no ring)

@: no status effects
A: fangs 3, see invisible, unbreathing
a: Bat Form


You were on level 2 of the Dungeon.
You were not thirsty.

You visited 1 branch of the dungeon, and saw 3 of its levels.

You collected 62 gold pieces.

Inventory:

Hand Weapons
 a - a +2 dagger
 b - a +0 blowgun
 h - a +0 spear
 k - a +0 club
 m - a +0 dagger
 n - a cursed -1 whip (weapon)
Missiles
 e - 8 poisoned needles
 f - 2 curare-tipped needles
Armour
 c - a +0 robe
 d - a +0 cloak (worn)
 i - a +0 ring mail
 j - a cursed +0 robe (worn)
 l - a +0 ring mail
 q - a +0 leather armour
 r - a +0 chain mail
Jewellery
 o - a ring of protection from fire (left hand)
Potions
 g - 4 potions of blood


   Skills:
 + Level 1.8 Fighting
 + Level 2.3 Short Blades
 + Level 1.8 Throwing
 + Level 0.1 Armour
 + Level 1.1 Dodging
 + Level 7.1 Stealth


You had 2 spell levels left.
You didn't know any spells.

Dungeon Overview and Level Annotations

Branches:
Dungeon (3/15)

Altars:

Annotations:
D:2 Terence


Innate Abilities, Weirdness & Mutations

You have razor-sharp teeth.
You have supernaturally acute eyesight. (SInv)
You can survive without breathing.


Message History

Aim: Terence, wielding a mace and wearing a scale mail You throw a throwing net.
The throwing net hits Terence.
Terence is caught in the net!
Terence struggles against the net.
Terence struggles against the net.
It sticks to your hand!
n - a cursed -1 whip (weapon)
You are too injured to fight recklessly!
Yummy - fresh blood!
Terence struggles against the net.
Terence is nearby!
Terence struggles against the net.
Terence struggles against the net.
The net rips apart, and Terence comes free!
You completely miss Terence. Terence hits you with a mace.
* * * LOW HITPOINT WARNING * * *
You closely miss Terence. Terence barely misses you.
You barely miss Terence. You bite Terence, but do no damage.
Terence hits you with a mace.
* * * LOW HITPOINT WARNING * * *
You hit Terence but do no damage. Terence hits you with a mace!
You die...

#.##..# #.##..#
#.##..########.#
##.##.....##.##.#
##....#.##.....#.#
##.....##.#.##.##.#
#.@@....##...#<##.#
##.....##......##.#
##....#..........#
##.##>#..........
#######...######
##.## #... #####


You could see Terence.

Vanquished Creatures
  An adder (D:3)
  2 dart slugs (D:1)
  2 leopard geckos (D:1)
  A bat (D:1)
  3 goblins (D:1)
  3 hobgoblins
  A kobold (D:2)
  A frilled lizard (D:1)
  3 rats (D:1)
17 creatures vanquished.

Notes
Turn   | Place    | Note
-------+----------+-------------------------------------------
     0 | D:1      | MrLeft the Vampire Assassin began the quest for the Orb.
     0 | D:1      | Reached XP level 1. HP: 16/16 MP: 1/1
    39 | D:1      | Reached skill level 6 in Stealth
   438 | D:1      | Reached XP level 2. HP: 17/22 MP: 2/2
   827 | D:3      | Noticed Terence
   830 | D:3      | Reached skill level 7 in Stealth
   841 | D:3      | Reached XP level 3. HP: 10/27 MP: 3/3
   862 | D:2      | Mangled by Terence

Skill      XL: |  1  2 |
---------------+-------+-----
Stealth        | 6 7 |  7.1
Fighting       | |  1.8
Short Blades   | |  2.3
Throwing       | |  1.8
Armour         | |  0.1
Dodging        | |  1.1

Action                   || total
-------------------------++-------
Melee: Dagger            ||    44
       Spear             ||     8
       Bite              ||     5
       Whip              ||     4
 Fire: Blowgun           ||     3
Throw: Throwing net      ||     5
  Use: Potion            ||     3
 Stab: Sleeping          ||     1
  Eat: Corpse            ||     1
Armor: Robe              ||     7
       Ring mail         ||    11
Dodge: Dodged            ||    50
